 Dungeon Crawl Stone Soup version 0.20-a0-266-gdedccd6 (webtiles) character file.

240 PurpleRed the Skirmisher (level 5, 0/44 HPs)
             Began as a Mummy Fighter on Dec 5, 2016.
             Was an Initiate of Okawaru.
             Slain by a bullfrog (2 damage)
             ... in a sewer.
             The game lasted 00:07:30 (3764 turns).

PurpleRed the Skirmisher (Mummy Fighter)            Turns: 3764, Time: 00:07:31

Health: 0/44       AC:  8    Str: 21    XL:     5   Next: 80%
Magic:  5/5        EV:  5    Int:  7    God:    Okawaru [......]
Gold:   185        SH:  9    Dex: 11    Spells: 4/4 levels left

rFire  x . .     SeeInvis .     a - +0 war axe
rCold  + . .     Gourm    .     j - +0 chain mail
rNeg   + + +     Faith    .     c - +0 shield
rPois  ∞         Spirit   .     (no helmet)
rElec  .         Reflect  .     (no cloak)
rCorr  .         Harm     .     (no gloves)
MR     .....                    (no boots)
Stlth  ..........               (no amulet)
                                (no ring)
                                (no ring)

@: no status effects
A: no food or potions, fire vulnerability, cold resistance 1, negative energy
resistance 3, torment resistance, unbreathing
a: Renounce Religion


You were in a sewer.
You worshipped Okawaru.
Okawaru was noncommittal.
You were not hungry.

You visited 1 branch of the dungeon, and saw 4 of its levels.
You also visited: Sewer.

You collected 185 gold pieces.

Inventory:

Hand Weapons
 a - a +0 war axe (weapon)
Missiles
 h - 4 tomahawks (quivered)
 k - 3 javelins of penetration
Armour
 c - a +0 shield (worn)
 j - a +0 chain mail (worn)
Scrolls
 b - a scroll of teleportation {unknown}
 d - 3 scrolls of identify
 e - a scroll of fog
 f - 2 scrolls of remove curse
 g - 2 scrolls of magic mapping
 i - a scroll of enchant weapon
 l - a scroll of immolation {unknown}


   Skills:
 + Level 5.0 Fighting
 * Level 3.8 Axes
 - Level 2.4 Armour
 - Level 2.4 Shields


You had 4 spell levels left.
You didn't know any spells.

Dungeon Overview and Level Annotations

Branches:
Dungeon (4/15)
 Temple: D:4-7

Altars:
Ashenzari
Okawaru
Uskayaw


Innate Abilities, Weirdness & Mutations

You do not eat or drink.
Your flesh is vulnerable to fire.
You are immune to poison.
Your flesh is cold resistant. (rC+)
You are immune to negative energy. (rN+++)
You are immune to unholy pain and torment.
You can survive without breathing.


Message History

The bullfrog is almost dead.
You slash the bullfrog! The bullfrog hits you.
* * * LOW HITPOINT WARNING * * *
You block the bullfrog's attack.
The bullfrog hits you but does no damage.
The bullfrog hits you.
* * * LOW HITPOINT WARNING * * *
Okay, then.
Okay, then.
Unknown command.
You miss the bullfrog.
The bullfrog is almost dead.
You closely miss the bullfrog. The bullfrog hits you.
* * * LOW HITPOINT WARNING * * *
The bullfrog hits you but does no damage.
You block the bullfrog's attack. x2
You closely miss the bullfrog.
The bullfrog is almost dead.
You hit the bullfrog. The bullfrog hits you.
You die...

≈ #≈≈≈≈≈#
≈≈≈≈≈...[F.≈≈≈≈≈≈# #≈≈≈≈.#
≈≈≈≈.≈≈"?=.≈≈≈≈≈≈# #≈≈≈≈.#
≈≈≈≈.≈≈≈:≈≈≈≈≈≈≈≈# #≈≈≈≈.#
≈≈≈≈≈≈.≈≈≈≈≈≈≈≈≈≈# #.≈≈≈.#
≈≈≈≈..≈≈≈≈≈≈≈≈≈≈# #.≈≈≈.#
≈≈≈≈≈≈≈≈≈≈≈≈≈≈≈≈# #.≈≈≈.#
≈≈≈≈≈≈≈≈≈≈≈≈≈≈#######≈≈≈≈≈#
≈≈≈≈≈≈≈≈≈≈....lF@..≈≈≈≈≈≈≈#
≈≈≈≈≈≈≈≈≈≈≈≈≈≈lF≈≈≈≈≈≈≈≈≈≈#
≈≈≈≈≈≈≈≈≈≈≈≈≈≈≈≈≈≈≈≈≈≈≈≈≈.#
≈≈≈≈≈≈≈≈≈≈≈≈≈≈≈≈≈≈≈≈≈≈≈≈≈.#
..................≈≈≈≈≈≈≈.#
#####################≈≈≈≈≈#
########≈≈≈≈≈#
########.≈.≈≈≈≈†≈≈≈.###
#.∩.∩..≈≈≈.≈≈≈≈≈≈≈≈≈≈≈≈


You could see 2 bullfrogs and 2 leopard geckos.

Vanquished Creatures
  Jessica (D:2)
  3 gnolls
  5 adders
  An ooze (D:4)
  5 worms
  3 dart slugs
  19 leopard geckos
  3 orcs (D:3)
  9 giant cockroaches
  7 goblins
  9 hobgoblins
  3 jackals (D:1)
  3 kobolds
  2 quokkas
  4 bats
  14 frilled lizards
  A leopard gecko skeleton (D:4)
  A quokka skeleton (D:4)
  5 rats
98 creatures vanquished.

Notes
Turn   | Place    | Note
-------+----------+-------------------------------------------
     0 | D:1      | PurpleRed the Mummy Fighter began the quest for the Orb.
     0 | D:1      | Reached XP level 1. HP: 18/18 MP: 1/1
   326 | D:1      | Reached XP level 2. HP: 24/24 MP: 2/2
   611 | D:1      | Reached XP level 3. HP: 27/29 MP: 3/3
  1446 | D:2      | Reached skill level 4 in Fighting
  1488 | D:2      | Reached XP level 4. HP: 37/37 MP: 4/4
  1582 | D:2      | Noticed Jessica
  1588 | D:2      | Killed Jessica
  1684 | D:2      | Found an iron altar of Okawaru.
  1684 | D:2      | Found a hide-covered altar of Uskayaw.
  1689 | D:2      | Found a faded altar of an unknown god.
  1691 | D:2      | Found a shattered altar of Ashenzari.
  1692 | D:2      | Found a faded altar of an unknown god.
  1773 | D:2      | Became a worshipper of Warmaster Okawaru
  2311 | D:3      | Reached XP level 5. HP: 37/43 MP: 5/5
  3155 | D:4      | Noticed an ogre
  3162 | D:4      | HP: 2/43 [ogre/giant club (26)]
  3309 | D:4      | Found a glowing drain.
  3396 | Sewer    | Entered a sewer
  3699 | Sewer    | Reached skill level 5 in Fighting
  3763 | Sewer    | HP: 2/44 [bullfrog (6)]
  3764 | Sewer    | Slain by a bullfrog

Vault maps used:
D:1:      lightli_arrival_statue_moat
D:2:      chequers_temple_overflow_minitemple, first_bread,
          kennysheep_generic_room_11, uniq_jessica
D:3:      minivault_26
D:4:      lemuel_zombie_altar_kikubaaqudgha, gup_sewer_entry_pipe, uniq_purgy
Sewer:    sewer_frog_island_01

Skill      XL: |  1  2  3  4  5 |
---------------+----------------+-----
Axes           | 2 3 |  3.8
Fighting       | 4 5 |  5.0
Armour         | |  2.4
Shields        | |  2.4

Action                   |  1- 3 |  4- 6 || total
-------------------------+-------+-------++-------
Melee: War axe           |    74 |   262 ||   336
  Use: Scroll            |       |     4 ||     4
Armor: Scale mail        |    20 |    45 ||    65
       Chain mail        |       |    92 ||    92
Dodge: Dodged            |    27 |    82 ||   109
Block: Shield            |    36 |   148 ||   184
